 Dungeon Crawl Stone Soup version 0.30-a0-852-g08b95dd62f (webtiles) character file.

Game seed: 10969872771893127411

432 OrthodoxDeviant the Covered (level 6, 0/55 HPs)
             Began as an Armataur Fighter on Mar 4, 2023.
             Slain by Menkaure (13 damage)
             ... on level 3 of the Dungeon.
             The game lasted 00:34:06 (4454 turns).

OrthodoxDeviant the Covered (Armataur Fighter)      Turns: 4454, Time: 00:34:07

Health: 0/55       AC: 10    Str: 23    XL:     6   Next: 67%
Magic:  6/6        EV:  7    Int:  9    God:
Gold:   210        SH:  4    Dex:  9    Spells: 5/5 levels left

rFire   . . .      SeeInvis .    a - +0 long sword
rCold   . . .      Faith    .    c - +0 buckler
rNeg    + . .      Spirit   .    r - +3 scale mail
rPois   .          Reflect  .    (no helmet)
rElec   .          Roll     +    (no cloak)
rCorr   .                        (no gloves)
Will    .....                    (no barding) Stlth
                                 (no amulet)
HPRegen 0.29/turn                p - ring of positive energy
MPRegen 0.10/turn                (no ring)

@: no status effects
A: large, rugged brown scales 3, deformed body, armoured tail, roll, long
tongue, awkward tongue
a: no special abilities


You were on level 3 of the Dungeon.
You visited 1 branch of the dungeon, and saw 4 of its levels.

You collected 210 gold pieces.

Inventory:

Hand Weapons
 a - a +0 long sword (weapon)
Armour
 c - a +0 buckler (worn)
 r - a +3 scale mail (worn)
Magical Staves
 d - a staff of death
 i - a staff of air
Jewellery
 p - a ring of positive energy (left hand)
Scrolls
 f - 3 scrolls of vulnerability
 h - 3 scrolls of teleportation
 j - a scroll of noise
 k - a scroll of identify
 l - a scroll of poison
 m - a scroll of amnesia
 n - a scroll of enchant armour
 o - a scroll of blinking
Potions
 b - a potion of haste {unknown}
 e - a potion of magic
 g - 2 potions of curing
 q - 2 potions of flight
 s - a potion of might


   Skills:
 + Level 3.7 Fighting
 + Level 4.5 Long Blades
 + Level 5.6 Armour
 - Level 1.1 Stealth
 + Level 3.9 Shields


You had 5 spell levels left.
You didn't know any spells.
Your spell library contained the following spells:

 Spells                   Type           Power      Damage    Failure   Level
 Apportation              Tloc           0%         N/A       75%         1
 Alistair's Intoxication  Tmut/Pois      0%         N/A       100%        5


Dungeon Overview and Level Annotations

Branches:
Dungeon (4/15)
 Temple: D:4-7

Altars:
Hepliaklqana
Ru
Sif Muna

Shops:
D:3 =   D:4 !

Annotations:
D:3 Menkaure


Innate Abilities, Weirdness & Mutations

You are completely covered in rugged brown scales. (AC +3, +7% HP)
Armour fits poorly on your strangely shaped body.
You have a long armoured tail.
You roll when moving toward enemies. (Rampage)
Your long tongue fully drains potion bottles. (2x potion effects)
Your tongue gives you trouble enunciating. (1.5x scroll delay)


Message History

There is a stone staircase leading down here.
You climb downwards.
Level annotation: Menkaure
There is a stone staircase leading up here.
Menkaure calls on the powers of darkness!
Your body is wracked with pain!
You climb upwards.
There is a stone staircase leading down here.
You start resting.
HP restored.
You climb downwards.
Level annotation: Menkaure
There is a stone staircase leading up here.
You hit Menkaure.
Menkaure is lightly damaged.
Menkaure hits you.
You climb upwards.
There is a stone staircase leading down here.
You barely miss Menkaure.
Menkaure is lightly damaged.
Menkaure hits you!
You hit Menkaure but do no damage.
Menkaure is lightly damaged.
Menkaure calls on the powers of darkness!
Your body is wracked with pain!
You hit Menkaure. You tail-slap Menkaure.
Menkaure is moderately damaged.
Menkaure hits you but does no damage.
You barely miss Menkaure.
Menkaure is moderately damaged.
Menkaure hits you.
You hit Menkaure.
Menkaure is severely damaged.
Menkaure calls on the powers of darkness!
Your body is wracked with pain!
* * * LOW HITPOINT WARNING * * *
You hit Menkaure but do no damage.
Menkaure is severely damaged.
Menkaure hits you!
You die...

#.##~♣♣~♣#♣~#(##
#.##~♣#♣~♣~♣### #########
#.##♣#♣~~~♣#♣# ........#
###.###♣~♣~♣#♣~# #...##..#
#.....#†♣#♣~♣♣~# #...###|#
#.#...'P♣ #♣~~##
##..###.###...#.#♣~P♣##'###
##......#.......######....#
##.....#.......@######.###
###...#..<.....M......#
####.#........########
####....#........#
#.......#.......(#
.......[.........#
....)...#........#
###.###.#........# #..)#
#.#.....####


You could see Menkaure.

Vanquished Creatures
  2 scorpions
  A hound (D:3)
  Terence (D:3)
  2 iguanas (D:4)
  9 adders
  5 gnolls (D:2)
  A shadow imp (D:3)
  A worm (D:2)
  3 dart slugs
  5 orcs
  5 endoplasms
  2 giant cockroaches (D:1)
  10 goblins
  5 hobgoblins
  6 kobolds
  A quokka (D:3)
  6 ball pythons
  4 bats
  6 frilled lizards
  2 rats
77 creatures vanquished.

Vanquished Creatures (others)
  3 demonic plants (D:1)
3 creatures vanquished.

Grand Total: 80 creatures vanquished

Notes
Turn   | Place    | Note
-------+----------+-------------------------------------------
     0 | D:1      | OrthodoxDeviant the Armataur Fighter began the quest for
                  | the Orb.
     0 | D:1      | Reached XP level 1. HP: 19/19 MP: 1/1
    73 | D:1      | Reached skill level 4 in Armour
    76 | D:1      | Reached XP level 2. HP: 26/26 MP: 2/2
   266 | D:1      | Found a faded altar of an unknown god.
   625 | D:2      | Reached XP level 3. HP: 33/33 MP: 3/3
   740 | D:2      | Upgraded the game from 0.30-a0-847-g17996783a1 to
                  | 0.30-a0-852-g08b95dd62f
   940 | D:2      | You fall into a shaft and drop 2 floors!
   961 | D:4      | Reached XP level 4. HP: 32/40 MP: 4/4
  1303 | D:3      | Reached skill level 1 in Stealth
  1918 | D:3      | Noticed Terence
  2057 | D:2      | HP: 1/40 [gnoll/+0 flail (3)]
  2064 | D:2      | Reached XP level 5. HP: 23/48 MP: 5/5
  2066 | D:2      | Reached skill level 5 in Armour
  2316 | D:3      | Found a sacrificial altar of Ru.
  2482 | D:3      | Found Agadekej's Jewellery Emporium.
  2839 | D:3      | Reached XP level 6. HP: 32/54 MP: 6/6
  3269 | D:3      | Found a hazy altar of Hepliaklqana.
  3311 | D:3      | Found a shimmering blue altar of Sif Muna.
  3521 | D:3      | Killed Terence
  4085 | D:4      | Found Ozxiumi's Distillery.
  4141 | D:4      | Noticed Menkaure
  4454 | D:3      | Slain by Menkaure

Illustrated notes

Levels and vault maps discovered:
D:1:      sevenhm_arrival_forest_fort_small_3, layout_rooms,
          shapermc_ecumenical_altar_gd
D:2:      layout_loops_corners
D:3:      minmay_recursive_quarters, layout_rooms, mainiacjoe_overflow_24_doors,
          nicolae_ru_sacrificial_ziggurat, nzn_hepliaklqana_mist_gate,
          serial_shops, nicolae_shop_temple_entry_statues_fountains,
          saegor_snake_ambush, uniq_terence
D:4:      layout_cave_pools, minmay_temple_entry_statues, serial_shops,
          shop_statue, uniq_menkaure

Skill      XL: |  1  2  3  4  5  6 |
---------------+-------------------+-----
Armour         | 4 5 |  5.6
Long Blades    | 2 3 4 |  4.5
Fighting       | 3 |  3.7
Stealth        | 1 |  1.1
Shields        | |  3.9

Action                     |  1- 3 |  4- 6 || total
---------------------------+-------+-------++-------
  Melee: Long sword        |   100 |   276 ||   376
         Tailslap          |    13 |    19 ||    32
         Unarmed           |       |    10 ||    10
    Use: Potion            |       |     5 ||     5
         Scroll            |       |     8 ||     8
 Armour: Scale mail        |    56 |   155 ||   211
  Dodge: Dodged            |    37 |   111 ||   148
  Block: Buckler           |    18 |    51 ||    69

Table legend: (Time is in decaauts)
 A = Elapsed time spent in this place.
 B = Non-inter-level travel time spent in this place.
 C = Inter-level travel time spent in this place.
 D = Time resting spent in this place.
 E = Time spent auto-exploring this place.
 F = Levels seen in this place.
 G = Mean time per level.
                   A        B        C        D        E       F      G
               +--------+--------+--------+--------+--------+-----+--------+
         Total |   4559 |   3890 |    669 |   1165 |   1611 |   4 | 1139.8 |
       Dungeon |   4559 |   3890 |    669 |   1165 |   1611 |   4 | 1139.8 |
               +--------+--------+--------+--------+--------+-----+--------+

Top non-repeatable levels by time:
     D:3: 1745 daAuts
     D:2: 1489 daAuts
     D:4: 709 daAuts
     D:1: 615 daAuts
